 Dungeon Crawl Stone Soup version 0.21-a0-1-gaf3b9a5 (webtiles) character file.

415 Gorglomux the Insei (level 6, -2/47 HPs)
             Began as a Barachi Transmuter on May 20, 2017.
             Was a Believer of Cheibriados.
             Killed by divine providence
             ... invoked by an orc priest
              (11 damage)
             ... on level 3 of the Dungeon.
             The game lasted 00:09:57 (4035 turns).

Gorglomux the Insei (Barachi Transmuter)            Turns: 4035, Time: 00:09:58

Health: -2/47      AC:  2    Str: 17    XL:     6   Next: 92%
Magic:  5/11       EV: 20    Int: 22    God:    Cheibriados [**....]
Gold:   153        SH:  0    Dex: 22    Spells: 1/12 levels left

rFire    . . .     SeeInvis .     - Unarmed
rCold    . . .     Gourm    .   (shield currently unavailable)
rNeg     . . .     Faith    .   (armour currently unavailable)
rPois    x         Spirit   .   (helmet currently unavailable)
rElec    .         Reflect  .   (cloak currently unavailable)
rCorr    .         Harm     .   (gloves currently unavailable)
MR       .....                  (boots currently unavailable)
Stlth    ++........             (no amulet)
Regen    0.2/turn               (no ring)
MPRegen  0.2/turn               (no ring)

@: spider-form, can't hop, very slow
A: +LOS, swims, clever 1, screaming 1
a: End Transformation, Bend Time, Renounce Religion


You were on level 3 of the Dungeon.
You worshipped Cheibriados.
Cheibriados was pleased with you.
You were hungry.
You were a venomous arachnid creature.
You visited 1 branch of the dungeon, and saw 4 of its levels.

You collected 153 gold pieces.

Inventory:

Missiles
 a - 22 arrows
Armour
 b - a +0 robe (melded)
Scrolls
 e - 2 scrolls of fear
 f - a scroll of random uselessness {unknown}
 h - a scroll of recharging {unknown}
 k - 5 scrolls of amnesia {unknown}
 l - a scroll of blinking {unknown}
 m - a scroll of magic mapping {unknown}
 n - 2 scrolls of remove curse {unknown}
 o - a scroll of fog {unknown}
 p - a scroll of enchant armour {unknown}
Books
 c - a book of Changes
Comestibles
 d - 2 bread rations {@e1}
 g - 3 meat rations {@e2}
 i - 3 fruits
 q - a chunk of flesh {@w0}


   Skills:
 - Level 3.2 Fighting
 - Level 2.1 Dodging
 + Level 5.9 Unarmed Combat
 + Level 3.5 Spellcasting
 + Level 4.3 Transmutations


You had one spell level left.
You knew the following spells:

 Your Spells              Type           Power        Failure   Level  Hunger
a - Beastly Appendage     Tmut           ###...       8%          1    None
c - Spider Form           Tmut/Pois      ##........   32%         3    ###....
s - Sticks to Snakes      Tmut           ###.....     11%         2    ##.....
x - Blade Hands           Tmut           ###.......   69%         5    ######.


Dungeon Overview and Level Annotations

Branches:
Dungeon (4/15)
 Temple: D:4-7

Altars:
Cheibriados
The Shining One


Innate Abilities, Weirdness & Mutations

Shadows flee at your approach. (+LOS)
You can swim through water.
((You cover ground slowly.))
((You can hop short distances.))
((You are partially covered in molten scales. (AC +2)))
Your mind is acute. (Int +2)
You occasionally shout uncontrollably at your foes.


Message History

A leopard gecko comes into view.
The leopard gecko moves out of view.
An orc priest comes into view. It is wielding a flail.
You barely miss the orc.
The orc wizard looks braver for a moment.
The leopard gecko hisses angrily.
The orc priest shouts!
You hit the orc.
The orc is poisoned.
Your transformation is almost over.
The orc misses you.
The leopard gecko hisses menacingly.
You create a snake!
You now have 23 arrows.
You kill the orc!
Cheibriados appreciates the change of pace.
The orc completely misses you.
A worm comes into view.
Unknown command.
Casting: Sticks to Snakes You create a snake!
You now have 22 arrows.
The orc wizard completely misses you. The orc closely misses you.
Unknown command.
You closely miss the orc wizard. The orc wizard hits you with a dagger.
The orc closely misses your ball python.
You completely miss the orc wizard.
The orc wizard hits your ball python with a dagger.
Your ball python bites the orc wizard but does no damage.
Your ball python barely misses the orc wizard.
The orc priest invokes the aid of Beogh against you.
Beogh smites you!
You hear a shout!
You hit the orc wizard.
The orc wizard is poisoned.
The orc hits your ball python with a flail!
Your ball python dies!
The orc wizard gestures at you while chanting.
The puff of frost misses you.
An orc comes into view.
You hit the orc wizard.
Your ball python barely misses the orc wizard.
Your ball python grabs the orc wizard.
Your ball python constricts the orc wizard.
The leopard gecko hisses menacingly.
The leopard gecko misses your ball python.
The orc closely misses your ball python.
The orc wizard looks braver for a moment.
The orc priest calls upon Beogh to heal the orc wizard.
The orc wizard is healed somewhat.
Unknown command.
You hit the orc wizard.
The orc wizard looks as sick as possible!
Your ball python bites the orc wizard but does no damage.
Your ball python constricts the orc wizard.
The leopard gecko bites your ball python.
The orc wizard looks braver for a moment.
The orc closely misses you.
You catch the helpless orc wizard completely off-guard!
You bite the orc wizard!
You kill the orc wizard!
Cheibriados thoroughly appreciates the change of pace.
Your ball python bites the orc but does no damage.
Your ball python barely misses the orc.
The leopard gecko bites your ball python.
Unknown command.
You barely miss the orc priest.
Your transformation has ended.
Your +0 robe unmelds from your body.
Your ball python barely misses the leopard gecko. x2
The leopard gecko bites your ball python.
Your ball python dies!
The orc priest mumbles some strange prayers to Beogh against you.
Pain shoots through your body!
You barely miss the orc priest. The orc priest barely misses you.
The orc barely misses you. x2
The leopard gecko closely misses you. The orc priest hits you with a flail!
The leopard gecko bites you but does no damage.
Okay, then.
Unknown command.
Okay, then.
Hop to where?
Boing!
The orc throws a stone.
The stone closely misses you.
The orc priest begins to cast a cantrip, but forgets the words!
The leopard gecko barely misses you.
There is a stone staircase leading up here.
The leopard gecko bites you. x2
* * * LOW HITPOINT WARNING * * *
The orc priest hits you with a flail.
* * * LOW HITPOINT WARNING * * *
You climb upwards.
There is a stone staircase leading down here.
It was a potion of mutation.
You feel extremely strange.
You feel the urge to shout.
Molten scales grow over part of your body.
You feel clever. The leopard gecko closely misses you.
Casting: Sticks to Snakes You turn into a venomous arachnid creature.
Your +0 robe melds into your body.
You are feeling hungry.
The orc priest mumbles some strange prayers to Beogh against you.
Beogh smites you!
You die...

..........##.##.(.#.#####)#
..........##..#...#......)#
..........###.#...'......##
..........###.....######.#
.................#######'##
..........####............#
..........................#
..........#####l..........#
..........##....so........#
..........##.##############
..........##.#
..........##.#
..........##[#####
..........##)[...#
..........('.....#
..).......##.....#
..........##.....#


You could see an orc priest and a leopard gecko.

Vanquished Creatures
  The ghost of George the Slasher, an amateur DsFi (D:3)
  An orc wizard (D:4)
  Jessica (D:2)
  Terence (D:2)
  8 gnolls (D:3)
  7 adders
  3 oozes
  5 worms
  2 dart slugs (D:2)
  A leopard gecko (D:4)
  5 orcs
  A ball python (D:3)
  2 giant cockroaches
  6 goblins
  9 hobgoblins
  7 jackals
  2 quokkas (D:2)
  10 bats
  6 frilled lizards
  5 kobolds
  11 rats
94 creatures vanquished.

Notes
Turn   | Place    | Note
-------+----------+-------------------------------------------
     0 | D:1      | Gorglomux the Barachi Transmuter began the quest for the Orb.
     0 | D:1      | Reached XP level 1. HP: 15/15 MP: 3/3
   785 | D:1      | Reached XP level 2. HP: 22/22 MP: 3/5
   814 | D:1      | Learned a level 2 spell: Sticks to Snakes
   919 | D:1      | Reached skill level 2 in Fighting
  1057 | D:2      | Reached XP level 3. HP: 12/27 MP: 3/6
  1157 | D:2      | Learned a level 3 spell: Spider Form
  1172 | D:2      | Reached skill level 4 in Unarmed Combat
  1200 | D:2      | Noticed Terence
  1215 | D:2      | Killed Terence
  1215 | D:2      | Reached XP level 4. HP: 20/34 MP: 4/7
  1260 | D:2      | Gorglomux: !greatrace * ba
  1260 | D:2      | beem: * is a greatbarachi!
  1260 | D:2      | Gorglomux: p
  1260 | D:2      | Gorglomux: p
  1397 | D:2      | Found a glowing golden altar of the Shining One.
  1433 | D:2      | Gorglomux: !greatrace gn
  1433 | D:2      | beem: Unwon gnolls for Gorglomux: GnAE, GnAK, GnAM, GnAr, GnAs, GnBe, GnCj, GnCK, GnEE, GnEn, GnFE, GnFi, GnGl, GnHu, GnIE, GnMo, GnNe, GnSk, GnSu, GnTm, GnVM, GnWn, GnWr, GnWz
  1433 | D:2      | Gorglomux: !greatrace * gn
  1433 | D:2      | beem: Unwon gnolls for *: GnAE, GnAK, GnAM, GnCj, GnEn, GnNe, GnWz
  1476 | D:2      | Noticed Jessica
  1482 | D:2      | Killed Jessica
  1482 | D:2      | Reached skill level 3 in Transmutations
  1542 | D:2      | Found a snail-covered altar of Cheibriados.
  1548 | D:2      | Became a worshipper of Cheibriados the Contemplative
  1624 | D:2      | Reached skill level 3 in Fighting
  1718 | D:2      | Reached XP level 5. HP: 38/41 MP: 3/8
  1852 | D:2      | Reached skill level 5 in Unarmed Combat
  2191 | D:3      | Noticed George's ghost (amateur DsFi)
  2456 | D:3      | Reached * piety under Cheibriados
  2774 | D:3      | HP: 6/41 [gnoll/club (8)]
  2775 | D:3      | HP: 1/41 [gnoll (5)]
  2801 | D:3      | HP: 9/41 [gnoll (2)]
  3027 | D:3      | Reached XP level 6. HP: 35/47 MP: 4/10
  3292 | D:3      | Reached ** piety under Cheibriados
  3292 | D:3      | Reached skill level 3 in Spellcasting
  3479 | D:3      | Reached skill level 4 in Transmutations
  3507 | D:3      | Learned a level 5 spell: Blade Hands
  3554 | D:3      | Killed George's ghost
  4032 | D:4      | HP: 8/47 [orc priest/flail (4)]
  4034 | D:3      | Gained mutation: You occasionally shout uncontrollably at your foes. [potion of mutation]
  4034 | D:3      | Gained mutation: You are partially covered in molten scales. (AC +2) [potion of mutation]
  4034 | D:3      | Gained mutation: Your mind is acute. (Int +2) [potion of mutation]
  4035 | D:3      | Killed from afar by an orc priest

Vault maps used:
D:1:      minmay_arrival_wavy_path
D:2:      tso_metal_star, first_bread, kennysheep_slug_shrine, uniq_jessica,
          uniq_terence
D:3:      kennysheep_generic_room_14
D:4:      grunt_temple_overflow_opulence, nicolae_overflow_hidden_temple,
          temple_hall

Skill      XL: |  1  2  3  4  5  6 |
---------------+-------------------+-----
Fighting       | 2 3 |  3.2
Unarmed Combat | 4 5 |  5.9
Transmutations | 3 4 |  4.3
Spellcasting   | 3 |  3.5
Dodging        | |  2.1

Action                   |  1- 3 |  4- 6 || total
-------------------------+-------+-------++-------
Melee: Unarmed           |    63 |   224 ||   287
       Headbutt          |     4 |       ||     4
       Kick              |     1 |     3 ||     4
 Cast: Beastly Appendage |    11 |     2 ||    13
       Sticks to Snakes  |     1 |     4 ||     5
       Spider Form       |     2 |    43 ||    45
 Abil: Hop               |       |     2 ||     2
       End Transformatio |       |     1 ||     1
  Use: Potion            |     1 |     3 ||     4
       Scroll            |       |     1 ||     1
 Stab: Distracted        |       |     2 ||     2
       Sleeping          |       |     2 ||     2
  Eat: Chunk             |     2 |    13 ||    15
Armor: Robe              |     4 |    24 ||    28
       Skin              |       |     4 ||     4
Dodge: Dodged            |    58 |   228 ||   286

Vault maps used:
D:1:      minmay_arrival_wavy_path
D:2:      tso_metal_star, first_bread, kennysheep_slug_shrine, uniq_jessica,
          uniq_terence
D:3:      kennysheep_generic_room_14
D:4:      grunt_temple_overflow_opulence, nicolae_overflow_hidden_temple,
          temple_hall

Table legend:
 A = Turns spent in this place as a percentage of turns spent in the entire game.
 B = Non-inter-level travel turns spent in this place as a percentage of non-inter-level travel turns spent in the entire game.
 C = Inter-level travel turns spent in this place as a percentage of turns spent in this place.
 D = Turns resting spent in this place as a percentage of non-inter-level travel turns spent in this place.
 E = Turns spent auto-exploring this place as a percentage of non-inter-level travel turns spent in this place.
 F = Non-inter-level travel turns spent in this place divided by the number of levels of this place that you've seen.
                   A       B       C       D       E      F
               +-------+-------+-------+-------+-------+----------------------
         Total | 100.0 | 100.0 |   0.5 |   5.1 |   6.8 | 370.0
       Dungeon | 100.0 | 100.0 |   0.5 |   5.1 |   6.8 | 370.0
               +-------+-------+-------+-------+-------+----------------------

Table legend:
 A = Kills in this place as a percentage of kills in entire the game.
 B = Kills by you in this place as a percentage of kills by you in the entire game.
 C = Kills by friends in this place as a percentage of kills by friends in the entire game.
 D = Other kills in this place as a percentage of other kills in the entire game.
 E = Experience gained in this place as a percentage of experience gained in the entire game.
 F = Experience gained in this place divided by the number of levels of this place that you have seen.
                   A       B       C       D       E      F
               +-------+-------+-------+-------+-------+----------------------
         Total | 100.0 | 100.0 |  -nan |  -nan | 100.0 | 148.5
       Dungeon | 100.0 | 100.0 |  -nan |  -nan | 100.0 | 148.5
               +-------+-------+-------+-------+-------+----------------------
